 Dungeon Crawl Stone Soup version 0.28.0 (webtiles) character file.

Game seed: 16553334583031951385

107 SnakkuSnakku7 the Skirmisher (level 4, 0/42 HPs)
             Began as a Hill Orc Delver on Feb 6, 2022.
             Slain by an iguana (9 damage)
             ... on level 3 of the Dungeon.
             The game lasted 00:05:35 (2725 turns).

SnakkuSnakku7 the Skirmisher (Hill Orc Delver)      Turns: 2725, Time: 00:05:36

Health: 0/42       AC: 11    Str: 16    XL:     4   Next: 85%
Magic:  4/4        EV:  4    Int: 10    God:
Gold:   98         SH:  3    Dex: 12    Spells: 3/3 levels left

rFire   . . .      SeeInvis .   a - +0 hand axe
rCold   . . .      Faith    .   h - +0 buckler
rNeg    . . .      Spirit   .   i - +0 plate armour
rPois   .          Reflect  .   (no helmet)
rElec   .          Harm     .   (no cloak)
rCorr   .          Rampage  .   (no gloves)
Will    .....                   g - +0 pair of boots
Stlth   ..........              (no amulet)
HPRegen 0.14/turn               (no ring)
MPRegen 0.09/turn               (no ring)

@: no status effects
A: no striking features
a: no special abilities


You were on level 3 of the Dungeon.
You visited 1 branch of the dungeon, and saw 5 of its levels.

You collected 98 gold pieces.

Inventory:

Hand Weapons
 a - a +0 hand axe (weapon)
Armour
 b - a +0 leather armour
 g - a +0 pair of boots (worn)
 h - a +0 buckler (worn)
 i - a +0 plate armour (worn)
Jewellery
 n - a ring of resist corrosion
 o - a ring of protection from cold
Scrolls
 c - 2 scrolls of fog
 d - 2 scrolls of magic mapping
 e - 3 scrolls of identify {unknown}
 j - a scroll of immolation {unknown}
 k - a scroll of noise {unknown}
 l - a scroll of vulnerability {unknown}
 q - a scroll of acquirement {unknown}
Potions
 f - a potion of haste
 m - a potion of degeneration {unknown}
 p - 2 potions of might {unknown}


   Skills:
 + Level 5.2 Fighting
 + Level 4.9 Axes
 - Level 1.5 Dodging
 - Level 4.1 Stealth


You had 3 spell levels left.
You didn't know any spells.
Your spell library contained the following spells:

 Spells                   Type           Power      Damage    Failure   Level
 Scorch                   Fire           0%         2d5       100%        2
 Flame Wave               Conj/Fire      0%         2d4       100%        4
 Summon Cactus Giant      Summ           0%         N/A       100%        6


Dungeon Overview and Level Annotations

Branches:
Dungeon (5/15)
 Temple: D:4-7

Altars:

Annotations:
D:3 Natasha


Message History

You closely miss the iguana.
The iguana is moderately wounded.
The iguana bites you but does no damage.
You hit the iguana.
The iguana is heavily wounded.
The iguana barely misses you.
You hit the iguana but do no damage.
The iguana is heavily wounded.
You block the iguana's attack.
You barely miss the iguana.
The iguana is heavily wounded.
You block the iguana's attack.
You hit the iguana but do no damage.
The iguana is heavily wounded.
The iguana bites you but does no damage.
You barely miss the iguana.
The iguana is heavily wounded.
The iguana bites you.
You closely miss the iguana.
The iguana is heavily wounded.
The iguana bites you.
You are too injured to fight recklessly!
You are too injured to fight recklessly!
You closely miss the iguana.
The iguana is heavily wounded.
The iguana bites you.
You hit the iguana but do no damage.
The iguana is heavily wounded.
The iguana bites you but does no damage.
You slash the iguana!
The iguana is almost dead.
The iguana bites you!
* * * LOW HITPOINT WARNING * * *
You closely miss the iguana.
The iguana is almost dead.
The iguana closely misses you.
You barely miss the iguana.
The iguana is almost dead.
The iguana bites you!
You die...

..........#.#
####.....#{#
..#..<..#.#
#.#.....#l#
#.#.....#.#
#.#.....#.#
#.#.#.#.#.#
#l#.#.#.#.#
#.#@#.#.#.#.########
#.#...#.#.#.........
..#.#.....#
#..##....
#.#.#.#####.#..# ..
#.#.........#..#
#(#.#.#######..#
#.#.#.# #..#
#.#...## #..#
#.P.PP.######..# #


You could see an iguana.

Vanquished Creatures
  5 adders
  An adder skeleton (D:2)
  3 worms (D:2)
  A dart slug (D:4)
  2 orcs
  5 endoplasms
  3 giant cockroaches (D:2)
  2 goblins
  3 hobgoblins
  2 kobolds
  3 quokkas (D:1)
  10 ball pythons
  2 bats (D:1)
  2 frilled lizards (D:2)
  5 rats
49 creatures vanquished.

Vanquished Creatures (others)
  2 plants (D:3)
2 creatures vanquished.

Grand Total: 51 creatures vanquished

Notes
Turn   | Place    | Note
-------+----------+-------------------------------------------
     0 | D:5      | SnakkuSnakku7 the Hill Orc Delver began the quest for the
                  | Orb.
     0 | D:5      | Reached XP level 1. HP: 19/19 MP: 1/1
   217 | D:4      | Noticed an iguana
   341 | D:4      | Reached skill level 4 in Fighting
   341 | D:4      | Reached XP level 2. HP: 23/27 MP: 2/2
   508 | D:4      | Noticed an ogre
   799 | D:3      | Noticed Natasha
   815 | D:2      | Reached XP level 3. HP: 8/34 MP: 3/3
  1365 | D:1      | Found a faded altar of an unknown god.
  1920 | D:2      | Reached XP level 4. HP: 41/41 MP: 4/4
  2199 | D:2      | Reached skill level 5 in Fighting
  2725 | D:3      | Slain by an iguana

Illustrated notes

Levels and vault maps discovered:
D:1:      shiori_arrival_whats_in_store_for_you, layout_basic,
          ebering_ecumenical_altar_webs, minmay_box_of_dots
D:2:      minmay_alternating_diamond, layout_loops_ring
D:3:      layout_basic, serial_forest, infiniplex_forest_lined_room_3,
          infiniplex_forest_clump_double, infiniplex_forest_straight_5,
          infiniplex_forest_pool, infiniplex_forest_clump_large,
          infiniplex_forest_diagonal, infiniplex_forest_end_double,
          infiniplex_forest_zigzag_1, uniq_natasha
D:4:      layout_gridville, minmay_temple_entry_glass
D:5:      layout_gridville

Skill      XL: |  1  2  3  4 |
---------------+-------------+-----
Fighting       | 4 5 |  5.2
Axes           | 3 4 |  4.9
Dodging        | |  1.5
Stealth        | |  4.1

Action                   |  1- 3 |  4- 6 || total
-------------------------+-------+-------++-------
Melee: Hand axe          |   116 |    85 ||   201
Evoke: Wand              |     3 |       ||     3
  Use: Scroll            |     2 |       ||     2
Armor: Plate armour      |    87 |    47 ||   134
Dodge: Dodged            |    20 |    13 ||    33
Block: Buckler           |    17 |    16 ||    33
